 Dungeon Crawl Stone Soup version 0.32-a0-630-g46d191b0ed (webtiles) character file.

Game seed: 18389014892829687744

30 Alarak the Insei (level 3, -6/26 HPs)
             Began as an Octopode Shapeshifter on Mar 6, 2024.
             Mangled by Terence
             ... wielding a +0 flail
              (9 damage)
             ... on level 2 of the Dungeon.
             The game lasted 00:03:47 (326 turns).

Alarak the Insei (Octopode Shapeshifter)             Turns: 326, Time: 00:03:47

Health: -6/26      AC:  1    Str: 13    XL:     3   Next: 18%
Magic:  3/3        EV: 13    Int: 12    God:
Gold:   30         SH:  0    Dex: 13    Spells: 2/2 levels left

rFire   . .          .
                       - Unarmed
rCold   . . .        (no shield)
rNeg    . . .        (helmet currently unavailable)
rPois   .            (no amulet)
rElec   .            (no ring)
rCorr   .            (no ring)
SInv    .            (no ring)
Will    .....        (no ring)
Stlth   ++           (no ring)
HPRegen 0.24/turn    (no ring)
MPRegen 0.08/turn    (no ring)
                     (no ring)

%: no passive effects
@: beast-form
A: beast (slay +1), almost no armour, amphibious, 8 rings, camouflage 1,
gelatinous body 1, (nimble swimmer 1), tentacles
a: Begin Untransformation


You were on level 2 of the Dungeon.
You were a hulking beast.
You visited 1 branch of the dungeon, and saw 2 of its levels.

You collected 30 gold pieces.

Inventory:

Jewellery
 h - a ring of positive energy
Talismans
 b - a beast talisman (active)
 c - a flux talisman
Scrolls
 d - a scroll of immolation {unknown}
 e - a scroll of teleportation {unknown}
 f - a scroll of silence {unknown}
 g - a scroll of vulnerability {unknown}
Potions
 a - a potion of lignification


   Skills:
 + Level 3.0 Fighting
 - Level 2.0 Dodging
 - Level 3.0 Unarmed Combat
 - Level 3.0 Shapeshifting


You had 2 spell levels left.
You didn't know any spells.
Your spell library was empty.

Dungeon Overview and Level Annotations

Branches:
Dungeon (1/15)

Altars:

Annotations:
D:2 Terence


Innate Abilities, Weirdness & Mutations

You are a hulking beast.
Your limbs bulge with bestial killing power. (Slay +1)
You cannot wear most types of armour.
You are amphibious.
You can wear up to eight rings at the same time.
Your skin changes colour to match your surroundings (Stealth+).
Your rubbery body absorbs attacks. (AC +1, EV +1)
((You are camouflaged when in or above water. (Stealth+)))
You have tentacles for arms and can constrict up to eight enemies at once.


Message History

You tentacle-slap the bat.
You kill the bat!
No target in view!
g - a scroll labelled CORUIGUYTEI You enter the shallow water.
A goblin comes into view. It is wielding a +0 club.
Found 17 gold pieces.
Found a stone staircase leading up.
You see here a ring of positive energy.
Found a hand axe.
The goblin shouts!
You hear a shout!
The goblin hits you with a +0 club.
You bludgeon the goblin!
You kill the goblin!
A hobgoblin comes into view.
You see here a ring of positive energy.
h - a ring of positive energy Terence the Incautious comes into view.
He is wielding a +0 flail.
Found an escape hatch in the ceiling.
The hobgoblin closely misses you.
Terence shouts!
You tentacle-slap the hobgoblin. Your grab misses the hobgoblin.
You tentacle-slap the hobgoblin. Your squeeze misses the hobgoblin.
The hobgoblin is severely wounded.
You barely miss the hobgoblin. You grab the hobgoblin.
You squeeze the hobgoblin.
You kill the hobgoblin!
Terence hits you with a +0 flail!
You are too injured to fight recklessly!
You closely miss Terence. You grab Terence. You squeeze Terence!
Terence is heavily wounded.
You constrict Terence, but do no damage.
Terence hits you with a +0 flail!
* * * LOW HITPOINT WARNING * * *
You tentacle-slap Terence but do no damage.
Terence is heavily wounded.
You constrict Terence.
You tentacle-slap Terence but do no damage.
Terence is heavily wounded.
You constrict Terence. Terence hits you with a +0 flail!
You die...
Terence says, "Rest in peace."

♣~~≈~≈~.~~~~♣♣♣ .......
♣~~≈≈≈~.~~~~♣ .#........
♣~~~~~~.~~~♣♣ .......<..
~P~~~≈~.P~~♣###.........
PP~~P~~.~~♣.............
♣~~~~~♣.~♣..............
P♣♣♣~....#.............
#..........)..$......
......##.....h.......
###### #......@..)...
........<.......
###.............
#.............
##............
##.....#.....
############


You could see Terence.

Vanquished Creatures
  An adder (D:2)
  2 bats
  2 endoplasms
  3 giant cockroaches (D:1)
  4 goblins (D:2)
  2 hobgoblins
  A frilled lizard (D:2)
  2 kobolds (D:1)
  2 rats (D:2)
19 creatures vanquished.

Notes
Turn   | Place    | Note
-------+----------+-------------------------------------------
     0 | D:1      | Alarak the Octopode Shapeshifter began the quest for the
                  | Orb.
     0 | D:1      | Reached XP level 1. HP: 13/13 MP: 1/1
   117 | D:1      | Reached XP level 2. HP: 14/19 MP: 2/2
   171 | D:1      | You fall into a shaft and drop 1 floor!
   268 | D:2      | Reached XP level 3. HP: 25/25 MP: 3/3
   319 | D:2      | Noticed Terence
   326 | D:2      | Mangled by Terence

Illustrated notes

Levels and vault maps discovered:
D:1:      dpeg_arrival_round_b, layout_basic
D:2:      layout_rooms, basic_altar, serial_corexii_hall,
          chequers_hall_statues_wall_a, chequers_hall_statues_wall_a,
          corexii_hall_statues_i, corexii_hall_statues_l, chequers_arboretum,
          serial_bayou_lagoon_b, uniq_terence

Skill      XL: |  1  2  3 |
---------------+----------+-----
Fighting       | 2 3 |  3.0
Dodging        | |  2.0
Unarmed Combat | |  3.0
Shapeshifting  | |  3.0

Action                     || total
---------------------------++-------
  Melee: Unarmed           ||    34
         Tentacles         ||    11
         Constrict         ||    10
         Punch             ||     3
 Armour: Skin              ||     9
  Dodge: Dodged            ||    14

Table legend: (Time is in decaauts)
 A = Elapsed time spent in this place.
 B = Non-inter-level travel time spent in this place.
 C = Inter-level travel time spent in this place.
 D = Time resting spent in this place.
 E = Time spent auto-exploring this place.
 F = Levels seen in this place.
 G = Mean time per level.
                   A        B        C        D        E       F      G
               +--------+--------+--------+--------+--------+-----+--------+
         Total |    323 |    321 |      2 |     50 |    144 |   2 |  161.5 |
       Dungeon |    323 |    321 |      2 |     50 |    144 |   2 |  161.5 |
               +--------+--------+--------+--------+--------+-----+--------+

Top non-repeatable levels by time:
     D:1: 170 daAuts
     D:2: 153 daAuts
